 Dungeon Crawl Stone Soup version 0.18.1-48-g4cf74bf (webtiles) character file.

1731 Burgietje the Fighter (level 8, -1/79 HPs)
             Began as a Minotaur Fighter on Aug 26, 2016.
             Was a Follower of Okawaru.
             Slain by an orc
             ... wielding a +0 vampiric trident
              (7 damage)
             ... on level 6 of the Dungeon.
             The game lasted 00:08:03 (5340 turns).

Burgietje the Fighter (Minotaur Fighter)            Turns: 5340, Time: 00:08:04

Health: -1/79      AC:  6    Str: 22    XL:     8   Next: 76%
Magic:  7/7        EV:  2    Int:  5    God:    Okawaru [*.....]
Gold:   307        SH:  9    Dex: 11    Spells: 0 memorised, 7 levels left

rFire  . . .     SeeInvis .     a - +0 war axe
rCold  . . .     Gourm    .     b - +0 scale mail
rNeg   . . .     Faith    .     c - +0 shield
rPois  .         Spirit   .     (helmet restricted)
rElec  .         Dismiss  .     (no cloak)
rCorr  .         Reflect  .     (no gloves)
SustAt .         Harm     .     (no boots)
MR     .....                    (no amulet)
Stlth  ..........               (no ring)
                                (no ring)

@: not resistant to hostile enchantments, extremely unstealthy
A: retaliatory headbutt, horns 2
a: Heroism, Renounce Religion


You were on level 6 of the Dungeon.
You worshipped Okawaru.
Okawaru was aware of your devotion.
You were hungry.

You visited 2 branches of the dungeon, and saw 7 of its levels.
You also visited: Ossuary.

You collected 307 gold pieces.

Inventory:

Hand Weapons
 a - a +0 war axe (weapon)
Armour
 b - a +0 scale mail (worn)
 c - a +0 shield (worn)
Jewellery
 x - a cursed amulet of inaccuracy {unknown}
 E - an uncursed amulet of guardian spirit {unknown}
 M - the amulet of Vuder {Harm *Drain MR++ Int+7 Dex-5, unknown}
   (You found it on level 4 of the Dungeon)

   [amulet of harm]

   It increases damage dealt and taken.
   It affects your intelligence (+7).
   It affects your dexterity (-5).
   It affects your resistance to hostile enchantments.
Wands
 u - a wand of random effects (20/48)
 y - a wand of teleportation (1/9)
 C - a wand of digging (6/24)
 H - a wand of iceblast (6/15)
Scrolls
 g - 3 scrolls of immolation {unknown}
 h - 5 scrolls of remove curse {unknown}
 j - a scroll of enchant armour {unknown}
 k - 4 scrolls of identify {unknown}
 m - a scroll of fog {unknown}
 p - 3 scrolls of magic mapping {unknown}
 r - 4 scrolls of recharging {unknown}
 s - 2 scrolls of random uselessness {unknown}
 t - 3 scrolls of blinking {unknown}
 v - 4 scrolls of teleportation {unknown}
 A - 2 scrolls of brand weapon {unknown}
 I - a scroll of enchant weapon {unknown}
 K - a scroll of noise {unknown}
Potions
 d - a potion of might
 e - 2 potions of curing
 l - 3 potions of agility {unknown}
 n - a potion of invisibility {unknown}
 o - 6 potions of heal wounds {unknown}
 q - 4 potions of haste {unknown}
 w - a potion of cancellation {unknown}
 z - a potion of magic {unknown}
 B - a potion of lignification {unknown}
 D - 2 potions of degeneration {unknown}
 F - 2 potions of brilliance {unknown}
Books
 G - a book of Battle

   Spells                             Type                      Level
   a - Infusion                       Charms                       1
   b - Shroud of Golubria             Charms/Translocation         2
   c - Song of Slaying                Charms                       2
   d - Spectral Weapon                Hexes/Charms                 3
   e - Regeneration                   Charms/Necromancy            3
 J - a book of Flames

   Spells                             Type                      Level
   a - Flame Tongue                   Conjuration/Fire             1
   b - Throw Flame                    Conjuration/Fire             2
   c - Conjure Flame                  Conjuration/Fire             3
   d - Inner Flame                    Hexes/Fire                   3
   e - Sticky Flame                   Conjuration/Fire             4
   f - Fireball                       Conjuration/Fire             5
Comestibles
 f - 5 bread rations
 i - 4 meat rations


   Skills:
 + Level 10.2 Fighting
 + Level 9.8 Axes
 - Level 3.6 Armour
 - Level 3.6 Shields


You had 7 spell levels left.
You didn't know any spells.

Dungeon Overview and Level Annotations

Branches:
Dungeon (6/15)             Temple (1/1) D:4

Altars:
Ashenzari
Cheibriados
Dithmenos
Fedhas
Gozag
Kikubaaqudgha
Makhleb
Okawaru
Pakellas
Qazlal
Ru
Sif Muna
Trog
Vehumet
Xom
Yredelemnul
Zin


Innate Abilities, Weirdness & Mutations

You reflexively headbutt those who attack you in melee.
You have a pair of horns on your head.


Message History

* * * LOW HITPOINT WARNING * * *
The orc warrior hits you with a trident of freezing!
* * * LOW HITPOINT WARNING * * *
The orc warrior freezes you.
* * * LOW HITPOINT WARNING * * *
Drink which item? (? for menu, Esc to quit)
It was a potion of curing.
You feel better. You block the orc's attack.
You slash the orc warrior!
You kill the orc warrior!
Okawaru accepts your kill.
You can now gain great but temporary skills.
You barely miss the orc.
The orc is heavily wounded.
You block the orc's attack. The orc misses you.
The orc hits you from afar with a vampiric trident.
* * * LOW HITPOINT WARNING * * *
The orc hits you.
* * * LOW HITPOINT WARNING * * *
The orc hits you from afar with a vampiric trident!
You die...

###########
#.........#
#.........#
#.........##
#...........
#...).....##
#....o......
#..o).....##
.....##@######
...............
..........###..
####...##.#
..... .# ......
.# .#..... #
.....#


You could see 2 orcs.

Vanquished Creatures
  The ghost of Burgietje the Skirmisher, an amateur MiFi of Okawaru (D:4)
  Grinder (D:4)
  Menkaure (D:5)
  Duvessa (D:4)
  A phantom (D:3)
  An orc warrior (D:6)
  An ice beast (D:6)
  Blork the orc (D:5)
  3 elf zombies (Ossuary)
  Dowan (D:4)
  The ghost of Freud88 the Shield-Bearer, a weakling MiFi (D:3)
  A crimson imp (D:5)
  2 human zombies (Ossuary)
  2 orc priests
  An orc wizard (D:3)
  A worker ant (D:4)
  A big kobold zombie (Ossuary)
  2 mummies (Ossuary)
  A hound skeleton (D:4)
  5 adders
  An ooze (D:1)
  2 adder zombies (Ossuary)
  2 worms
  6 dart slugs
  5 giant geckos
  14 orcs
  2 giant cockroaches
  6 goblins
  3 hobgoblins
  4 jackals (D:4)
  2 quokkas (D:3)
  6 bats
  7 giant newts
  8 hobgoblin zombies (Ossuary)
  5 kobolds
  9 kobold zombies (Ossuary)
  9 orc zombies (Ossuary)
  4 rats
  2 rat zombies (Ossuary)
126 creatures vanquished.

Notes
Turn   | Place    | Note
--------------------------------------------------------------
     0 | D:1      | Burgietje the Minotaur Fighter began the quest for the Orb.
     0 | D:1      | Reached XP level 1. HP: 19/19 MP: 0/0
   205 | D:1      | Reached skill level 4 in Fighting
   205 | D:1      | Reached XP level 2. HP: 27/27 MP: 1/1
  1071 | D:2      | Found a snail-covered altar of Cheibriados.
  1110 | D:2      | Reached XP level 3. HP: 34/34 MP: 2/2
  1432 | D:3      | Noticed Freud88's ghost (weakling MiFi)
  1437 | D:3      | Reached skill level 5 in Fighting
  1437 | D:3      | Reached XP level 4. HP: 28/42 MP: 3/3
  1739 | D:3      | Killed Freud88's ghost
  1739 | D:3      | Reached XP level 5. HP: 5/50 MP: 4/4
  2291 | D:3      | Noticed a phantom
  2293 | D:3      | Reached skill level 5 in Axes
  2315 | D:3      | Killed a phantom
  2315 | D:3      | Reached skill level 6 in Fighting
  2315 | D:3      | Reached XP level 6. HP: 43/58 MP: 5/5
  2662 | D:4      | Noticed Grinder
  2929 | D:4      | Paralysed by Grinder for 6 turns
  2950 | D:4      | Paralysed by Grinder for 2 turns
  3048 | D:4      | Killed Grinder
  3048 | D:4      | Reached skill level 7 in Fighting
  3048 | D:4      | Reached XP level 7. HP: 44/66 MP: 6/6
  3219 | D:4      | Noticed Duvessa
  3221 | D:4      | Noticed Dowan
  3234 | D:4      | Killed Duvessa
  3246 | D:4      | Killed Dowan
  3416 | D:4      | Noticed Burgietje's ghost (amateur MiFi)
  3431 | D:5      | Entered Level 5 of the Dungeon
  3525 | D:5      | Found a sand-covered staircase.
  3536 | Ossuary  | Entered an ossuary
  3587 | Ossuary  | Reached skill level 8 in Fighting
  3858 | Ossuary  | Reached XP level 8. HP: 50/77 MP: 7/7
  4190 | D:5      | Noticed Menkaure
  4195 | D:5      | Killed Menkaure
  4195 | D:5      | Reached skill level 9 in Fighting
  4198 | D:5      | Found a shattered altar of Ashenzari.
  4201 | D:5      | Found a glowing silver altar of Zin.
  4204 | D:5      | Found a deep blue altar of Sif Muna.
  4231 | D:5      | Found a sacrificial altar of Ru.
  4308 | D:5      | Noticed Blork the orc
  4317 | D:5      | Killed Blork the orc
  4353 | D:4      | Got a scorched zirconium amulet
  4562 | D:4      | Found a staircase to the Ecumenical Temple.
  4566 | Temple   | Entered the Ecumenical Temple
  4582 | Temple   | Became a worshipper of Warmaster Okawaru
  5007 | D:4      | Killed Burgietje's ghost
  5337 | D:6      | Reached skill level 10 in Fighting
  5339 | D:6      | Reached * piety under Okawaru
  5340 | D:6      | Slain by an orc

Skill      XL: |  1  2  3  4  5  6  7  8 |
---------------+-------------------------+-----
Fighting       | 4 5 6 7 8 10 | 10.2
Axes           | 3 4 5 6 8 9 |  9.8
Armour         | |  3.6
Shields        | |  3.6

Action                   |  1- 3 |  4- 6 |  7- 9 || total
-------------------------+-------+-------+-------++-------
Melee: War axe           |    63 |    97 |   172 ||   332
       Headbutt          |    12 |    17 |    42 ||    71
  Use: Potion            |       |       |     2 ||     2
  Eat: Chunk             |     2 |     4 |     3 ||     9
       Bread ration      |       |       |     1 ||     1
Armor: Scale mail        |    29 |    31 |    48 ||   108
Dodge: Dodged            |    16 |    24 |    41 ||    81
Block: Shield            |    35 |    43 |    61 ||   139
